Unix NetHack Version 3.7.0-69 Work-in-progress - last build Jan 17 2023 13:47:51 (52afb19a5a75bd13c37bd07f7a1a2262d275dfea,branch:master). Game began 2023-01-18 22:29:30, ended 2023-01-18 23:41:32. Lawliet, neutral female human Valkyrie -------- |..(<..| |...[..| |....... # |......| :@e## |......| ### -.------ ## ##### ### # # ### #### ### # ## #-.------------ # #|............-### #-............| ## |............| -------------- Lawliet the Skirmisher St:18/05 Dx:12 Co:15 In:9 Wi:7 Ch:9 Neutral Dlvl:3 $:13 HP:0(28) Pw:7(7) AC:-2 Exp:3 T:1160 Latest messages: You miss the floating eye. You are frozen by the floating eye's gaze! It misses the iguana. It bites the iguana. The iguana bites it. The iguana bites! The iguana bites! The iguana misses! The iguana bites! The iguana bites! The iguana misses! The iguana bites! The iguana bites! The iguana bites! The iguana bites! The iguana bites! The iguana misses! The iguana just misses! The iguana misses! The iguana bites! The iguana just misses! The iguana bites! The iguana misses! It misses the iguana. It bites the iguana. The iguana bites it. The iguana bites! The iguana bites! The iguana bites! The iguana bites! The iguana misses! The iguana bites! The iguana misses! The iguana bites! The iguana misses! The iguana bites! The iguana bites! The iguana bites! The iguana bites! You hear bubbling water. The iguana bites! The iguana misses! The iguana bites! The iguana misses! The iguana misses! The iguana just misses! The iguana bites! The iguana bites! You die... Do you want your possessions identified? [ynq] (y) q Inventory: Coins $ - 13 gold pieces Weapons b - a +0 dagger (alternate weapon; not wielded) k - a +0 orcish dagger a - a +1 spear (weapon in hand) Armor l - an uncursed +0 orcish helm (being worn) c - an uncursed +3 small shield (being worn) f - an uncursed +0 crystal plate mail (being worn) Comestibles d - an uncursed food ration g - an uncursed food ration j - 2 uncursed tripe rations i - 6 uncursed lichen corpses Scrolls h - an uncursed scroll of fire e - an uncursed scroll of scare monster Potions n - an uncursed potion of confusion Rings m - a cursed ring of polymorph Gems/Stones p - an uncursed worthless piece of violet glass Lawliet the Valkyrie's attributes: Background: You were a Skirmisher, a level 3 human Valkyrie. You were neutral, nominally on a mission for Odin who was opposed by Tyr (lawful) and Loki (chaotic). You were in the Dungeons of Doom, on level 3. You entered the dungeon 1160 turns ago. It was nighttime. You had 42 experience points, 38 more were needed to attain level 4. Basics: You had 0 out of 28 hit points. You had all 7 energy points (spell power). Your armor class was -2. Your wallet contained 13 zorkmids. Autopickup was off. Final Characteristics: Your strength was 18/05 (limit:18/100). Your dexterity was 12 (limit:18). Your constitution was 15 (limit:18). Your intelligence was 9 (limit:18). Your wisdom was 7 (limit:18). Your charisma was 9 (limit:18). Final Status: You were not hungry. You were unencumbered. You were wielding a spear. You had basic skill with spear. Final Attributes: You were aligned. You were cold resistant. You were stealthy. You were guarded. You are dead. Miscellaneous: You never encountered a bones level. Total elapsed playing time was 37 minutes and 58 seconds. Major events: Turn 1: Lawliet the neutral human Valkyrie entered the dungeon 710: entered the Gnomish Mines 946: attained the rank of Skirmisher (level 3) 1160: killed by an iguana, while frozen by a floating eye's gaze Vanquished creatures: a gecko 3 jackals a fox a kobold 3 goblins a sewer rat 7 lichens 3 newts 20 creatures vanquished. No species were genocided or became extinct. Voluntary challenges: You were an atheist. You were illiterate. You never engraved Elbereth. You never genocided any monsters. You never polymorphed an object. You never changed form. You used no wishes. Achievements: You entered the Gnomish Mines. You attained the rank of Skirmisher. The Dungeons of Doom: levels 1 to 3 Level 1: A fountain. Level 2: Some fountains. Stairs down to The Gnomish Mines. Level 3: <- You were here. Final resting place for you, killed by an iguana, while frozen by a floating eye's gaze. The Gnomish Mines: Level 3: Game over: ---------- / \ / REST \ / IN \ / PEACE \ / \ | Lawliet | | 13 Au | | killed by an | | iguana | | | | | | 2023 | *| * * * | * _________)/\\_//(\/(/\)/\//\/|_)_______ Farvel Lawliet the Valkyrie... You died in The Dungeons of Doom on dungeon level 3 with 280 points, and 13 pieces of gold, after 1160 moves. You were level 3 with a maximum of 28 hit points when you died.